 Dungeon Crawl Stone Soup version 0.23-a0-713-ge59bbb1 (webtiles) character file.

57 Blackhawk the Ducker (level 3, -2/28 HPs)
             Began as a Demonspawn Gladiator on Jan 15, 2019.
             Killed by nerve-wracking pain
             ... invoked by an orc priest
              (9 damage)
             ... on level 2 of the Dungeon.
             The game lasted 00:01:21 (1064 turns).

Blackhawk the Ducker (Demonspawn Gladiator)         Turns: 1064, Time: 00:01:22

Health: -2/28      AC:  4    Str: 15    XL:     3   Next: 73%
Magic:  0/3        EV: 13    Int:  9    God:
Gold:   84         SH:  0    Dex: 14    Spells: 2/2 levels left

rFire    . . .     SeeInvis .   a - +0 war axe
rCold    . . .     Gourm    .   (no shield)
rNeg     . . .     Faith    .   b - +0 leather armour
rPois    .         Spirit   +   c - +0 helmet
rElec    .         Reflect  .   (no cloak)
rCorr    .         Harm     .   (no gloves)
MR       .....                  (no boots)
Stlth    ++........             i - amulet of magic regeneration
HPRegen  0.09/turn              (no ring)
MPRegen  0.33/turn              (no ring)

@: no status effects
A: nightstalker 1, magic shield
a: no special abilities


You were on level 2 of the Dungeon.
You were not hungry.

You visited 1 branch of the dungeon, and saw 2 of its levels.

You collected 84 gold pieces.

Inventory:

Hand Weapons
 a - a +0 war axe (weapon)
Missiles
 d - 3 throwing nets (quivered)
Armour
 b - a +0 leather armour (worn)
 c - a +0 helmet (worn)
Jewellery
 i - an amulet of magic regeneration (around neck)
Scrolls
 j - a scroll of identify {unknown}
 k - a scroll of fear {unknown}
 l - a scroll of amnesia {unknown}
Potions
 e - 2 potions of heal wounds {unknown}
 h - 2 potions of curing {unknown}
Comestibles
 f - 7 rations
 g - 4 chunks of flesh


   Skills:
 + Level 2.6 Fighting
 + Level 3.1 Axes
 + Level 2.4 Throwing
 + Level 3.1 Dodging


You had 2 spell levels left.
You didn't know any spells.
Your spell library was empty.

Dungeon Overview and Level Annotations

Branches:
Dungeon (2/15)

Altars:
Cheibriados


Innate Abilities, Weirdness & Mutations

You are slightly more attuned to the shadows.
When hurt, damage is shared between your health and your magic reserves.


Message History

You are too injured to fight recklessly!
You are too injured to fight recklessly!
You are too injured to fight recklessly!
You are too injured to fight recklessly!
You are too injured to fight recklessly!
You are too injured to fight recklessly!
You are too injured to fight recklessly!
You hit the orc priest.
The orc priest is moderately wounded.
You barely miss the orc. The orc hits you with a +0 club.
The orc priest invokes the aid of Beogh against you.
Pain shoots through your body!
* * * LOW HITPOINT WARNING * * *
You hit the orc priest.
The orc priest is heavily wounded.
You barely miss the orc.
You hit the orc priest but do no damage.
The orc priest calls down the wrath of Beogh upon you.
Pain shoots through your body!
You die...

..........#.............(.#
..........#................
..........#.........#...#.#
.######...# #......?.......
......# #.....#########
......###.....#
.............>#
.....oo......##
.....o@).....#
...........### [..........#
...........# .............
....≈≈≈.......
.##≈≈≈≈≈...... _≈≈.≈≈......


You could see 2 orc priests and an orc.

Vanquished Creatures
  An adder (D:2)
  2 oozes (D:2)
  A dart slug (D:2)
  2 leopard geckos
  2 orcs (D:2)
  2 giant cockroaches (D:1)
  4 hobgoblins
  3 jackals (D:1)
  A quokka (D:2)
  3 bats (D:1)
  4 goblins
  3 kobolds
  4 rats
32 creatures vanquished.

Notes
Turn   | Place    | Note
-------+----------+-------------------------------------------
     0 | D:1      | Blackhawk the Demonspawn Gladiator began the quest for the
                  | Orb.
     0 | D:1      | Reached XP level 1. HP: 16/16 MP: 1/1
   198 | D:1      | Gained mutation: When hurt, damage is shared between your
                  | health and your magic reserves. [demonic ancestry]
   198 | D:1      | Reached XP level 2. HP: 22/22 MP: 2/2
   726 | D:2      | Gained mutation: You are slightly more attuned to the
                  | shadows. [demonic ancestry]
   726 | D:2      | Reached XP level 3. HP: 25/28 MP: 3/3
  1054 | D:2      | Found a snail-covered altar of Cheibriados.
  1064 | D:2      | Killed from afar by an orc priest

Vault maps used:
D:1:      minmay_arrival_solitary_statue
D:2:      minmay_diamond_boxcup, kennysheep_slug_shrine, uniq_robin

Skill      XL: |  1  2 |
---------------+-------+-----
Throwing       | 2 |  2.4
Dodging        | 3 |  3.1
Axes           | 3 |  3.1
Fighting       | |  2.6

Action                   || total
-------------------------++-------
Melee: War axe           ||    86
 Stab: Sleeping          ||     4
  Eat: Chunk             ||     1
Armor: Leather armour    ||    21
Dodge: Dodged            ||    57

Table legend:
 A = Non-vault XP
 B = Vault XP
 C = Vault XP percentage of total XP
 D = Non-vault monster count
 E = Vault monster count
 F = Vault count percentage of total count
                 A         B        C        D         E       F
            +---------+---------+-------+---------+---------+-------
      Total |      78 |       4 |   4.9 |      31 |       1 |   3.1
            +---------+---------+-------+---------+---------+-------
        D:1 |      31 |       0 |   0.0 |      18 |       0 |   0.0
        D:2 |      47 |       4 |   7.8 |      13 |       1 |   7.1
            +---------+---------+-------+---------+---------+-------
